 Dungeon Crawl Stone Soup version bcrawl-1.40.1 (webtiles) character file.

Game seed: 10578220891698591441

140951 Mehrunes the Charmwright (level 3, 17/21 HPs)
             Began as a Vine Stalker Skald on Oct 31, 2023.
             Quit the game on level 1 of the Dungeon.
             The game lasted 00:01:55 (388 turns).

Mehrunes the Charmwright (Vine Stalker Skald)        Turns: 388, Time: 00:01:55

Health: 17/21      AC:  3    Str: 13    XL:     3   Next: 0%
Magic:  7/7        EV: 12    Int: 14    God:
Gold:   48         SH:  0    Dex: 13    Spells: 5/6 levels left

rFire    . . .     GDR:     26%   - Fists (6.0)
rCold    . . .     SeeInvis .   (no shield)
rNeg     . . .     Gourm    .   a - +0 leather armour
rPois    .         Faith    .   (no helmet)
rElec    .         Spirit   .   (no cloak)
rCorr    .         Reflect  .   (no gloves)
MR       .....                  (no boots)
Stlth    +.........             c - amulet of magic regeneration
HPRegen  0.53/turn              (no ring)
MPRegen  0.18/turn              (no ring)

@: no status effects
A: fangs 2, regeneration 1, no potion heal 3, rot immunity, strong jaws
a: no special abilities


You were on level 1 of the Dungeon.
You were not hungry.

You visited 1 branch of the dungeon, and saw 1 of its levels.

You collected 48 gold pieces.

Inventory:

Armour
 a - a +0 leather armour (worn)
Jewellery
 b - an uncursed ring of protection from cold {unknown}
 c - an amulet of magic regeneration (around neck)
Scrolls
 d - a scroll of fear
 g - a scroll of enchant weapon {unknown}
 h - a scroll of teleportation {unknown}
 i - 2 scrolls of identify
 l - a scroll of fog {unknown}
Potions
 f - a potion of brilliance {unknown}
 j - a potion of lignification {unknown}
Comestibles
 e - 2 rations {!d}
 k - 7 chunks of flesh


   Skills:
 + Level 2.0 Fighting
 + Level 1.2 Armour
 + Level 2.5 Dodging
 * Level 2.5 Unarmed Combat
 - Level 2.2 Spellcasting
 - Level 3.0 Charms


You had 5 spell levels left.
You knew the following spells:

 Your Spells              Type           Power        Failure   Level  Hunger
a - Infusion              Chrm           ##......     9%          1    None

Your spell library contained the following spells:

 Spells                   Type           Power        Failure   Level  Hunger
 Song of Slaying          Chrm           ##......     13%         2    ##.....
 Swiftness                Chrm/Air       #.......     24%         2    ##.....
 Ozocubu's Armour         Chrm/Ice       #.......     43%         3    ####...
 Regeneration             Chrm/Necr      #.........   43%         3    ####...
 Spectral Weapon          Hex/Chrm       #.......     43%         3    ####...


Dungeon Overview and Level Annotations

Branches:
Dungeon (1/12)

Altars:


Innate Abilities, Weirdness & Mutations

You have extremely sharp teeth.
Your natural rate of healing is unusually fast.
Potions cannot restore your health.
You are immune to rotting.
Your bites deal extra damage.


Message History

The kobold throws a stone.
The stone barely misses you. The kobold hits you with a +0 falchion.
You see here a kobold corpse.
You hit the kobold but do no damage. The kobold closely misses you.
You barely miss the kobold. You closely miss the kobold.
You bite the kobold, but do no damage. The kobold misses you.
You hit the kobold but do no damage. Your bite misses the kobold.
The kobold closely misses you.
You closely miss the kobold. Your bite misses the kobold.
The kobold hits you with a +0 falchion.
You hit the kobold.
You kill the kobold!
You have reached level 3!
Your experience leads to an increase in your attributes!
Increase (S)trength, (I)ntelligence, or (D)exterity?
You feel clever.
Quiver which item? (- for none, * to show all) (? for menu, Esc to quit)
Okay, then.
Are you sure you want to abandon this character and quit the game? (Confirm with "yes".)

## .. #. #. #.
######.#####
......)@...##
#.#######...##
.........#
.####....#
##.#.# #.#.#
#.#.# #.#.#
#.#.#


There were no monsters in sight!

Vanquished Creatures
  2 oozes (D:1)
  A giant cockroach (D:1)
  3 goblins (D:1)
  A hobgoblin (D:1)
  2 kobolds (D:1)
  3 bats (D:1)
  A frilled lizard (D:1)
  2 rats (D:1)
15 creatures vanquished.

Notes
Turn   | Place    | Note
-------+----------+-------------------------------------------
     0 | D:1      | Mehrunes the Vine Stalker Skald began the quest for the
                  | Orb.
     0 | D:1      | Reached XP level 1. HP: 12/12 MP: 4/4
   201 | D:1      | Reached skill level 1 in Armour
   241 | D:1      | Reached XP level 2. HP: 17/17 MP: 6/6
   388 | D:1      | Reached XP level 3. HP: 17/21 MP: 7/7
   388 | D:1      | Quit the game

Skill      XL: |  1  2 |
---------------+-------+-----
Armour         | 1 |  1.2
Fighting       | 2 |  2.0
Dodging        | |  2.5
Unarmed Combat | |  2.5
Spellcasting   | |  2.2
Charms         | |  3.0

Action                   || total
-------------------------++-------
Melee: Unarmed           ||    58
       Bite              ||     4
 Stab: Sleeping          ||     3
Armor: Leather armour    ||    17
Dodge: Dodged            ||    37
